 Dungeon Crawl Stone Soup version 0.27-a0-1272-g7c8ad2e407 (webtiles) character file.

Game seed: 17456319362683751068

336 Glokmah the Charlatan (level 6, 0/36 HPs)
             Began as a Kobold Artificer on June 11, 2021.
             Was an Initiate of Zin.
             Slain by a phantom (4 damage)
             ... on level 3 of the Dungeon.
             The game lasted 00:06:00 (3915 turns).

Glokmah the Charlatan (Kobold Artificer)            Turns: 3915, Time: 00:06:01

Health: 0/36       AC:  7    Str: 11    XL:     6   Next: 84%
Magic:  6/6        EV: 15    Int: 12    God:    Zin [......]
Gold:   40         SH:  0    Dex: 16    Spells: 4/6 levels left

rFire    . . .     SeeInvis .   r - +2 mace (holy)
rCold    . . .     Faith    .   (shield restricted)
rNeg     . . .     Spirit   .   b - +0 leather armour
rPois    .         Reflect  .   o - +2 helmet
rElec    .         Harm     .   (no cloak)
rCorr    .         Rampage  .   (no gloves)
Will     .....                  g - +0 pair of boots
Stlth    ++++......             (no amulet)
HPRegen  0.12/turn              (no ring)
MPRegen  0.10/turn              (no ring)

@: no status effects
A: small, no large weapons, nightstalker 3
a: Renounce Religion, Donate Gold


You were on level 3 of the Dungeon.
You worshipped Zin.
Zin was noncommittal.
You visited 1 branch of the dungeon, and saw 4 of its levels.

You collected 44 gold pieces.
You donated 4 gold pieces to Zin.

Inventory:

Hand Weapons
 a - a +0 dagger of venom
 f - a +0 hunting sling
 r - a +2 mace of holy wrath (weapon)
Missiles
 k - 113 stones
 p - 5 sling bullets
 u - 13 bolts
Armour
 b - a +0 leather armour (worn)
 g - a +0 pair of boots (worn)
 o - a +2 helmet (worn)
Wands
 c - a wand of flame (10) (quivered)
 d - a wand of charming (15)
Scrolls
 i - a scroll of magic mapping {unknown}
 l - a scroll of teleportation {unknown}
 m - a scroll of silence {unknown}
 n - a scroll of enchant weapon {unknown}
 t - a scroll of identify {unknown}
Potions
 h - a potion of attraction {unknown}
 j - a potion of lignification {unknown}
 q - a potion of heal wounds {unknown}
 s - a potion of degeneration {unknown}
Miscellaneous
 e - a piece from Xom's chessboard (15/15)


   Skills:
 + Level 2.5 Fighting
 * Level 3.7 Short Blades
 - Level 0.7 Armour
 + Level 3.7 Dodging
 * Level 4.8 Stealth
 + Level 0.6 Spellcasting
 + Level 0.7 Hexes
 * Level 4.9 Evocations


You had 4 spell levels left.
You knew the following spells:

 Your Spells              Type           Power      Damage    Failure   Level
a - Slow                  Hex            2%         N/A       43%         2

Your spell library contained the following spells:

 Spells                   Type           Power      Damage    Failure   Level
 Corona                   Hex            2%         N/A       30%         1
 Summon Small Mammal      Summ           0%         N/A       38%         1
 Call Imp                 Summ           0%         N/A       54%         2
 Inner Flame              Hex/Fire       1%         N/A       71%         3
 Portal Projectile        Hex/Tloc       2%         N/A       71%         3
 Summon Guardian Golem    Hex/Summ       1%         N/A       71%         3
 Call Canine Familiar     Summ           0%         N/A       77%         3
 Cause Fear               Hex            1%         N/A       97%         4
 Leda's Liquefaction      Hex/Erth       0%         N/A       98%         4
 Summon Ice Beast         Ice/Summ       0%         N/A       99%         4
 Summon Lightning Spire   Summ/Air       0%         N/A       99%         4


Dungeon Overview and Level Annotations

Branches:
Dungeon (4/15)
 Temple: D:4-7

Altars:
Uskayaw
Zin


Innate Abilities, Weirdness & Mutations

You are small and have problems with some larger weapons.
You are completely attuned to the shadows.


Message History

Okay, then.
Your +0 dagger of venom stops dripping with poison.
Your +2 mace of holy wrath softly glows with a divine radiance!
r - a +2 mace of holy wrath (weapon)
Aiming: Throw Flame
Press: ? - help, Q - select action, (/) - cycle Shift-Dir - straight line, f - phantom
Aim: a phantom (64% to hit)
The puff of flame hits the phantom!
The phantom is moderately damaged.
You closely miss the phantom.
The phantom is moderately damaged.
The phantom closely misses you.
You barely miss the phantom.
The phantom is moderately damaged.
The phantom hits you.
The phantom blinks!
You blink.
The phantom completely misses you.
You barely miss the phantom.
The phantom is moderately damaged.
The phantom hits you.
The phantom blinks!
You blink.
The phantom hits you.
* * * LOW HITPOINT WARNING * * *
You hit the phantom.
The phantom convulses.
The phantom is heavily damaged.
The phantom hits you but does no damage.
The phantom completely misses you.
You barely miss the phantom.
The phantom is heavily damaged.
The phantom hits you but does no damage.
You hit the phantom but do no damage.
The phantom is heavily damaged.
The phantom barely misses you.
You barely miss the phantom.
The phantom is heavily damaged.
The phantom hits you!
* * * LOW HITPOINT WARNING * * *
The phantom closely misses you.
You hit the phantom.
The phantom convulses.
The phantom is almost destroyed.
The phantom hits you.
You die...

###.#.###.......##..##..###....#.
#...###....##..#...#...........
##>)##.....##......#..##.......
#.)##..............)..#.......
####..##...................#.....
#....).......................##..
...)....................###.##...
...[....................##..#....
.......<..§.....@.#.....##.##....
................W.#........##....
.....................########....
#...#....................# #....
##.#................####.####....
......#..........................
....###..........>..#####........
....##...........†.).#########...
....##....#######.......# ####


You could see a phantom.

Vanquished Creatures
  A phantom (D:3)
  A centaur skeleton (D:2)
  Natasha (thrice) (D:3)
  An orc wizard (D:3)
  A gnoll (D:3)
  4 adders
  A worm (D:2)
  A dart slug (D:1)
  8 orcs
  6 ball pythons
  8 bats
  6 endoplasms
  2 giant cockroaches
  8 goblins
  11 hobgoblins
  4 jackals (D:2)
  6 kobolds
  2 frilled lizards
  4 rats
78 creatures vanquished.

Notes
Turn   | Place    | Note
-------+----------+-------------------------------------------
     0 | D:1      | Glokmah the Kobold Artificer began the quest for the Orb.
     0 | D:1      | Reached XP level 1. HP: 12/12 MP: 1/1
   317 | D:1      | Reached XP level 2. HP: 10/16 MP: 2/2
   819 | D:1      | Reached XP level 3. HP: 20/20 MP: 3/3
   975 | D:1      | Reached skill level 1 in Short Blades
  1631 | D:2      | Reached XP level 4. HP: 23/25 MP: 4/4
  2619 | D:2      | Reached XP level 5. HP: 29/30 MP: 5/5
  2737 | D:3      | Noticed a phantom
  2858 | D:3      | Killed a phantom
  2859 | D:3      | Reached XP level 6. HP: 34/35 MP: 6/6
  2919 | D:3      | Learned a level 2 spell: Slow
  2955 | D:3      | Found a glowing silver altar of Zin.
  2960 | D:3      | Became a worshipper of Zin the Law-Giver
  2981 | D:3      | Noticed Natasha
  2985 | D:3      | Killed Natasha
  3075 | D:3      | Noticed Natasha
  3086 | D:3      | Killed Natasha
  3150 | D:3      | Noticed a +0 falchion
  3151 | D:3      | Noticed a +0 short sword
  3151 | D:3      | Noticed a +0 dagger
  3153 | D:3      | Noticed a +0 falchion
  3158 | D:3      | Noticed Natasha
  3160 | D:3      | Noticed a +0 dagger
  3161 | D:3      | Noticed a +0 spear
  3163 | D:3      | Noticed a +0 short sword
  3171 | D:3      | Killed Natasha
  3375 | D:3      | Noticed a +0 spear
  3445 | D:3      | Found a hide-covered altar of Uskayaw.
  3915 | D:3      | Slain by a phantom

Illustrated notes

Levels and vault maps discovered:
D:1:      dpeg_arrival_oval, layout_basic, serial_glass, glass_columns_a,
          glass_columns_a
D:2:      layout_loops_ring
D:3:      layout_rooms, zin_academy, nicolae_uskayaw_en_pointe, uniq_natasha
D:4:      layout_rooms, lemuel_round_altar, minmay_temple_entry_purple_smoke

Skill      XL: |  1  2  3  4  5 |
---------------+----------------+-----
Stealth        | 2 3 4 |  4.8
Evocations     | 4 |  4.9
Short Blades   | 1 2 3 |  3.7
Dodging        | 3 |  3.7
Fighting       | 2 |  2.5
Armour         | |  0.7
Spellcasting   | |  0.6
Hexes          | |  0.7

Action                   |  1- 3 |  4- 6 || total
-------------------------+-------+-------++-------
Melee: Dagger            |    95 |   114 ||   209
       Club              |     4 |       ||     4
       Mace              |       |     8 ||     8
 Fire: Hunting sling     |       |     3 ||     3
Evoke: Wand              |     1 |     4 ||     5
       Piece from Xom's  |       |     2 ||     2
 Stab: Sleeping          |     7 |    20 ||    27
       Distracted        |       |     1 ||     1
       Paralysed         |       |     2 ||     2
Armor: Leather armour    |    19 |    33 ||    52
Dodge: Dodged            |    76 |    72 ||   148

Table legend: (Time is in decaauts)
 A = Elapsed time spent in this place.
 B = Non-inter-level travel time spent in this place.
 C = Inter-level travel time spent in this place.
 D = Time resting spent in this place.
 E = Time spent auto-exploring this place.
 F = Levels seen in this place.
 G = Mean time per level.
                   A        B        C        D        E       F      G
               +--------+--------+--------+--------+--------+-----+--------+
         Total |   3913 |   3657 |    256 |    498 |   2427 |   4 |  978.2 |
       Dungeon |   3913 |   3657 |    256 |    498 |   2427 |   4 |  978.2 |
               +--------+--------+--------+--------+--------+-----+--------+

Top non-repeatable levels by time:
     D:1: 1755 daAuts
     D:3: 1165 daAuts
     D:2: 976 daAuts
     D:4: 15 daAuts
